AoeStats
← KnightsTemplar

Hideout

509620632Analyzed
1v1 RM · 5d ago on Sep 27, 2026· 69m 4s· 2 players
Game mode
Random Map
Map size
Tiny (2 player)
Population
200
Speed
Normal
Resources
Standard
Victory
Conquest
Starting age
Dark Age
Ending age
Imperial Age
RankedLock teamsTeams togetherTeam positionsShared explorationLock speedFull tech treeHidden civsTurbo modeCheats
Victory
Defeat
🇫🇷 Persians · France
646
+14
🇬🇧 Celts · United Kingdom
604
-14
KnightsTemplar
1:52 Loom
12:47 Feudal Age
13:29 Double-Bit Axe
13:36 Arson
13:12 Man-at-Arms
15:09 Horse Collar
15:45 Forging
15:41 Scale Barding Armor
15:33 Stone Mining
15:36 Gold Mining
21:10 Castle Age
19:27 Scale Mail Armor
20:02 Fletching
22:37 Chain Mail Armor
22:58 Iron Casting
24:35 Stone Shaft Mining
24:41 Gold Shaft Mining
24:21 Bow Saw
23:37 Long Swordsman
27:34 Wheelbarrow
27:32 Padded Archer Armor
28:09 Murder Holes
28:26 Masonry
29:01 Hand Cart
28:32 Town Watch
30:07 Gambesons
29:43 Pikeman
31:28 Bodkin Arrow
32:56 Elite Skirmisher
34:14 Town Patrol
37:12 Stronghold
40:18 Imperial Age
40:30 Heated Shot
41:01 Ballistics
40:56 Onager
40:58 Heavy Scorpion
42:14 Furor Celtica
41:59 Elite Woad Raider
45:49 Chemistry
44:34 Arrowslits
44:55 Siege Engineers
45:03 Fortified Wall
45:40 Guard Tower
46:54 Blast Furnace
46:16 Chain Barding Armor
46:12 Leather Archer Armor
46:27 Plate Mail Armor
49:17 Siege Onager
51:22 Hoardings
55:09 Two-Handed Swordsman
62:58 Fervor
62:41 Champion
ACHRAF
9:07 Feudal Age
10:16 Wheelbarrow
9:28 Horse Collar
11:44 Double-Bit Axe
18:22 Castle Age
17:47 Gold Mining
19:02 Hand Cart
19:53 Bow Saw
27:22 Elite Skirmisher
29:29 Gold Shaft Mining
28:45 Stone Mining
29:46 Ballistics
36:02 Imperial Age
37:01 Thumb Ring
36:17 Crossbowman
41:46 Stone Shaft Mining
42:18 Two-Man Saw
41:21 Heavy Plow
42:26 Scale Barding Armor
42:12 Fletching
42:23 Padded Archer Armor
42:34 Forging
43:12 Husbandry
43:23 Bloodlines
42:34 Cavalier
42:35 Light Cavalry
44:42 Chemistry
43:38 Murder Holes
43:54 Masonry
44:06 Bodkin Arrow
44:34 Leather Archer Armor
44:30 Forging
44:42 Chain Barding Armor
45:12 Conscription
44:53 Kamandaran
44:22 Elite War Elephant
45:20 Hussar
47:01 Ring Archer Armor
46:41 Savar
49:04 Iron Casting
49:05 Plate Barding Armor
49:51 Scale Mail Armor
52:34 Guilds
53:19 Elite War Elephant
54:42 Chain Mail Armor
55:28 Blast Furnace
Connection lost

Rejoining the realm…

Still unreachable

The connection could not be restored.

Session expired

The server has moved on; the page needs a fresh start.